AoeStats
← G

Black Forest

503343876Analyzed
4v4 RM · 1mo ago on Aug 31, 2026· 42m 39s· 8 players
Game mode
Random Map
Map size
Large (8 player)
Population
200
Speed
Normal
Resources
Standard
Victory
Conquest
Starting age
Dark Age
Ending age
Imperial Age
RankedLock teamsTeams togetherTeam positionsShared explorationLock speedFull tech treeHidden civsTurbo modeCheats
Victory
Defeat
🇨🇦 Persians · Canada
892
+13
🇦🇺 Lithuanians · Australia
838
+16
780
+18
🇧🇷 Inca · Brazil
767
+19
🇸🇪 Teutons · Sweden
886
-19
🇨🇳 Italians · China
841
-17
🇨🇳 Vietnamese · China
826
-16
🇵🇪 Mongols · Peru
776
-14
LitiumJCH
8:05 Loom
12:23 Feudal Age
14:15 Double-Bit Axe
15:32 Gold Mining
18:21 Castle Age
18:01 Scale Barding Armor
18:40 Bloodlines
19:08 Husbandry
24:58 Stone Mining
25:43 Gold Shaft Mining
27:50 Horse Collar
28:19 Padded Archer Armor
28:09 Fletching
31:33 Chain Barding Armor
31:30 Leather Archer Armor
32:51 Ballistics
37:04 Fortified Wall
36:50 Murder Holes
42:26 Imperial Age
F
14:42 Feudal Age
15:35 Fishing Lines
15:44 Double-Bit Axe
24:25 Castle Age
22:51 Fletching
23:02 Padded Archer Armor
25:06 Gillnets
25:28 Bow Saw
25:12 Gold Mining
25:14 Stone Mining
25:48 Bodkin Arrow
26:08 Leather Archer Armor
28:21 Stone Shaft Mining
32:11 Imperial Age
30:16 Ballistics
29:52 Murder Holes
30:07 Fortified Wall
30:41 Loom
31:31 Wheelbarrow
30:41 Town Watch
31:41 Scale Mail Armor
31:51 Forging
32:33 Thumb Ring
32:36 Treadmill Crane
32:45 Arson
33:01 Squires
32:22 Elite Fire Lancer
34:06 Chemistry
33:24 Bracer
33:54 Ring Archer Armor
34:00 Iron Casting
33:40 Chain Mail Armor
33:31 Scale Barding Armor
34:31 Block Printing
34:39 Sanctity
34:20 Atonement
34:52 Paper Money
40:21 Plate Mail Armor
40:13 Chain Barding Armor
GABR1EL
0:27 Loom
13:38 Feudal Age
14:54 Fishing Lines
17:33 Double-Bit Axe
17:32 Horse Collar
19:41 Wheelbarrow
25:51 Castle Age
24:37 Gold Mining
25:41 Stone Mining
27:00 Bow Saw
27:02 Heavy Plow
28:23 Stone Shaft Mining
30:48 Gillnets
31:33 Fortified Wall
31:34 Masonry
32:41 Hand Cart
32:11 Town Watch
33:24 Fletching
33:45 Forging
36:24 Imperial Age
34:30 Bodkin Arrow
34:37 Caravan
34:32 Guard Tower
35:03 Ballistics
36:52 Iron Casting
36:12 Arson
36:29 Squires
35:50 Pikeman
36:42 Bloodlines
36:55 Ironclad
38:18 Two-Man Saw
37:52 Crop Rotation
37:28 Padded Archer Armor
37:28 Scale Mail Armor
37:34 Scale Barding Armor
37:16 Arrowslits
38:32 Chemistry
37:20 Arrowslits
39:18 Heavy Scorpion
39:34 Halberdier
40:33 Leather Archer Armor
40:35 Chain Mail Armor
40:40 Chain Barding Armor
41:42 Crenellations
42:20 Conscription
42:35 Hoardings
G
0:28 Loom
13:55 Feudal Age
14:38 Double-Bit Axe
14:45 Horse Collar
23:25 Castle Age
21:17 Fishing Lines
23:19 Scale Barding Armor
23:20 Padded Archer Armor
23:12 Fletching
23:34 Forging
27:04 Bow Saw
26:57 Heavy Plow
31:37 Wheelbarrow
31:55 Gold Mining
35:03 Imperial Age
32:59 Hand Cart
32:45 Stone Mining
32:59 Pikeman
33:40 Squires
33:31 Town Watch
35:38 Stone Shaft Mining
35:10 Town Patrol
35:18 Scale Mail Armor
35:36 Leather Archer Armor
37:18 Chemistry
36:00 Treadmill Crane
36:42 Ballistics
36:14 Heated Shot
36:34 Masonry
37:21 Iron Casting
38:21 Crop Rotation
38:22 Conscription
39:11 Thumb Ring
42:01 Bodkin Arrow
42:36 Ring Archer Armor
43:04 Ring Archer Armor
43:35 Blast Furnace
lolfred
4:36 Loom
14:27 Feudal Age
19:28 Castle Age
17:46 Double-Bit Axe
18:37 Gold Mining
19:09 Fishing Lines
21:21 Horse Collar
21:55 Bow Saw
25:04 Wheelbarrow
28:34 Masonry
28:38 Stone Mining
31:51 Bloodlines
31:58 Forging
31:40 Fletching
36:02 Imperial Age
33:39 Horse Collar
37:33 Gold Shaft Mining
37:20 Conscription
37:23 Citadels
39:16 Chemistry
38:37 Padded Archer Armor
38:43 Scale Barding Armor
38:13 Crossbowman
39:54 Stone Shaft Mining
39:39 Heavy Plow
41:48 Two-Man Saw
41:54 Leather Archer Armor
42:45 Architecture
42:11 Murder Holes
Therealjammo
0:28 Loom
12:45 Feudal Age
15:14 Double-Bit Axe
19:20 Castle Age
17:47 Stone Mining
20:53 Bow Saw
28:11 Gold Mining
29:36 Wheelbarrow
32:58 Imperial Age
32:09 Hand Cart
31:19 Light Cavalry
32:12 Bloodlines
32:02 Husbandry
32:33 Caravan
33:00 Pikeman
35:18 Conscription
34:28 Man-at-Arms
37:15 Horse Collar
37:59 Elite Leitis
38:44 Tower Shields
38:07 Halberdier
38:09 Long Swordsman
39:10 Scale Barding Armor
39:05 Scale Mail Armor
39:15 Forging
40:00 Heavy Plow
39:54 Two-Handed Swordsman
Caduzera
12:53 Feudal Age
11:43 Loom
11:57 Loom
13:33 Loom
14:16 Double-Bit Axe
14:22 Gold Mining
15:20 Horse Collar
17:07 Wheelbarrow
16:33 Champi Runner
18:26 Scale Mail Armor
18:37 Forging
23:26 Castle Age
23:16 Arson
24:33 Stone Mining
24:56 Bow Saw
25:13 Pikeman
28:39 Squires
34:59 Chain Mail Armor
游侠不语只会屠民
11:44 Feudal Age
14:42 Castle Age
12:38 Double-Bit Axe
12:37 Horse Collar
15:55 Bow Saw
16:23 Heavy Plow
21:11 Gold Mining
22:41 Wheelbarrow
23:13 Gold Shaft Mining
29:07 Imperial Age
26:58 Hand Cart
26:29 Loom
29:12 Heavy Scorpion
29:59 Double Crossbow
30:35 Hoardings
32:22 Crop Rotation
32:16 Scale Barding Armor
32:23 Forging
33:15 Chemistry
32:36 Ballistics
32:47 Siege Engineers
32:54 Husbandry
33:05 Bloodlines
32:15 Light Cavalry
34:14 Chain Barding Armor
34:30 Iron Casting
34:09 Masonry
33:50 Hussar
37:33 Plate Barding Armor
37:59 Blast Furnace
Connection lost

Rejoining the realm…

Still unreachable

The connection could not be restored.

Session expired

The server has moved on; the page needs a fresh start.